 Dungeon Crawl Stone Soup version 0.30-a0-772-g5528072125 (webtiles) character file.

Game seed: 7475243622111119853

222 timneilson the Shield-Bearer (level 5, 0/33 HPs)
             Began as a Gargoyle Fighter on Feb 13, 2023.
             Killed from afar by an orc wizard (9 damage)
             ... with a puff of flame
             ... on level 3 of the Dungeon.
             The game lasted 00:04:45 (2064 turns).

timneilson the Shield-Bearer (Gargoyle Fighter)     Turns: 2064, Time: 00:04:46

Health: 0/33       AC: 13    Str: 19    XL:     5   Next: 99%
Magic:  5/5        EV:  7    Int:  9    God:
Gold:   138        SH:  5    Dex: 11    Spells: 4/4 levels left

rFire   . . .      SeeInvis .    a - +1 long sword
rCold   . . .      Faith    .    c - +0 buckler
rNeg    + . .      Spirit   .    f - +0 chain mail
rPois   ∞          Reflect  .    (no helmet)
rElec   +          Harm     .    (no cloak)
rCorr   +          Rampage  .    (no gloves)
Will    .....                    (no boots) Stlth
                                 (no amulet)
HPRegen 0.25/turn                g - ring of resist corrosion
MPRegen 0.09/turn                (no ring)

@: no status effects
A: sickness immunity, AC +4, negative energy resistance 1, electricity
resistance, torment resistance 1, petrification resistance
a: no special abilities


You were on level 3 of the Dungeon.
You visited 1 branch of the dungeon, and saw 3 of its levels.

You collected 138 gold pieces.

Inventory:

Hand Weapons
 a - a +1 long sword (weapon)
Armour
 c - a +0 buckler (worn)
 f - a +0 chain mail (worn)
Jewellery
 g - a ring of resist corrosion (left hand)
Scrolls
 i - a scroll of acquirement {unknown}
Potions
 b - a potion of lignification
 d - a potion of might
 e - a potion of flight


   Skills:
 + Level 3.9 Fighting
 * Level 3.0 Long Blades
 * Level 4.5 Armour
 + Level 1.2 Dodging
 * Level 4.7 Shields


You had 4 spell levels left.
You didn't know any spells.
Your spell library contained the following spells:

 Spells                   Type           Power      Damage    Failure   Level
 Cause Fear               Hex            0%         N/A       100%        4
 Dragon Form              Tmut           0%         N/A       100%        7
 Dragon's Call            Summ           0%         N/A       100%        9


Dungeon Overview and Level Annotations

Branches:
Dungeon (3/15)

Altars:
Fedhas
Qazlal

Shops:
D:1 [


Innate Abilities, Weirdness & Mutations

You are immune to sickness and miasma.
Your stone body is resilient. (AC +4)
You are immune to poison.
You resist negative energy. (rN+)
You are resistant to electric shocks. (rElec)
You are resistant to unholy torment.
You are immune to petrification.


Message History

You hit the orc.
The orc is lightly wounded.
The orc hits you with a +0 flail. x2
You hit the orc.
The orc is moderately wounded.
The orc hits you but does no damage.
You hit the orc.
You kill the orc!
The kobold throws a stone.
The stone hits you but does no damage.
You closely miss something. You block something's attack.
You miss something.
Something hits you but does no damage. x2
You closely miss something. Something hits you but does no damage.
You barely miss something. Something hits you but does no damage.
The kobold throws a stone.
You barely miss something.
You hear some strange, mumbled words.
A magic dart appears from out of thin air!
The magic dart hits you but does no damage.
You miss something. Something hits you but does no damage.
The kobold throws a stone.
The stone hits you. Something hits you but does no damage.
You miss something. Something completely misses you.
You miss something. Something completely misses you.
You hit something but do no damage. Something hits you but does no damage.
The orc priest casts a cantrip, but nothing happens.
Something completely misses you.
You barely miss something. Something hits you but does no damage.
The orc priest invokes the aid of Beogh against you.
Something writhes in agony.
You hit something. Something hits you but does no damage.
The orc priest mumbles some strange prayers to Beogh against you.
Beogh smites you!
* * * LOW HITPOINT WARNING * * *
You hit something. Something hits you but does no damage.
The kobold throws a stone.
Something hits you but does no damage.
You barely miss something.
You hear some strange, mumbled words.
A puff of flame appears from out of thin air!
The puff of flame hits you!
You die...

.# #. #.#............
... #. #.#...##.#.###.
...###. ......#..#.# #.
.......####..)....###.
...........#.†.......
####..######...........
#....oK# #(.#.........
#{# #.##....#≈...
#@####.##....≈≈≈#.
#..##..##..##≈≈§§§
####.##.##..###.≈.§≈
#..........## ##^.^.
#..<.......# ##...
#..........# #...
#..........# #
#..........#
#..........#


You could see an orc priest and a kobold.

Vanquished Creatures
  A black bear (D:3)
  Jessica (D:3)
  An adder (D:2)
  A worm (D:2)
  3 dart slugs
  7 orcs (D:3)
  10 endoplasms
  4 giant cockroaches
  9 goblins
  4 hobgoblins
  3 jackals (D:1)
  2 quokkas
  5 ball pythons
  6 bats
  3 frilled lizards
  3 kobolds
  5 rats
68 creatures vanquished.

Vanquished Creatures (others)
  A plant (D:3)
1 creature vanquished.

Grand Total: 69 creatures vanquished

Notes
Turn   | Place    | Note
-------+----------+-------------------------------------------
     0 | D:1      | timneilson the Gargoyle Fighter began the quest for the
                  | Orb.
     0 | D:1      | Reached XP level 1. HP: 14/14 MP: 1/1
    62 | D:1      | Reached XP level 2. HP: 19/19 MP: 2/2
   128 | D:1      | Found Ruashed's Antique Armour Shop.
   386 | D:1      | Reached XP level 3. HP: 23/23 MP: 3/3
   924 | D:2      | Reached XP level 4. HP: 26/28 MP: 4/4
  1569 | D:3      | Found a blossoming altar of Fedhas.
  1569 | D:3      | Noticed Jessica
  1584 | D:3      | Killed Jessica
  1585 | D:3      | Reached skill level 1 in Dodging
  1634 | D:3      | Found a stormy altar of Qazlal.
  1646 | D:3      | Noticed a black bear
  1672 | D:3      | HP: 1/29 [black bear (1)]
  1675 | D:3      | Reached XP level 5. HP: 2/33 MP: 5/5
  1826 | D:3      | HP: 1/33 [black bear (2)]
  1828 | D:3      | Killed a black bear
  2064 | D:3      | Killed from afar by an orc wizard

Illustrated notes

Levels and vault maps discovered:
D:1:      eino_arrival_druids_welcome, layout_loops_ring, serial_shops,
          nicolae_shop_crystal
D:2:      layout_loops_ring, minmay_diced_spiral
D:3:      layout_rooms, grunt_temple_overflow_forces_of_nature,
          nzn_hepliaklqana_mist_gate, uniq_jessica

Skill      XL: |  1  2  3  4  5 |
---------------+----------------+-----
Long Blades    | 2 3 |  3.0
Shields        | 4 |  4.7
Armour         | 4 |  4.5
Dodging        | 1 |  1.2
Fighting       | |  3.9

Action                     |  1- 3 |  4- 6 || total
---------------------------+-------+-------++-------
  Melee: Long sword        |   120 |   141 ||   261
    Use: Scroll            |       |     5 ||     5
         Potion            |       |     2 ||     2
 Armour: Scale mail        |    45 |       ||    45
         Chain mail        |    55 |   148 ||   203
  Dodge: Dodged            |    62 |    72 ||   134
  Block: Buckler           |    21 |    32 ||    53

Table legend: (Time is in decaauts)
 A = Elapsed time spent in this place.
 B = Non-inter-level travel time spent in this place.
 C = Inter-level travel time spent in this place.
 D = Time resting spent in this place.
 E = Time spent auto-exploring this place.
 F = Levels seen in this place.
 G = Mean time per level.
                   A        B        C        D        E       F      G
               +--------+--------+--------+--------+--------+-----+--------+
         Total |   2140 |   2056 |     84 |    223 |   1199 |   3 |  713.3 |
       Dungeon |   2140 |   2056 |     84 |    223 |   1199 |   3 |  713.3 |
               +--------+--------+--------+--------+--------+-----+--------+

Top non-repeatable levels by time:
     D:2: 1009 daAuts
     D:1: 786 daAuts
     D:3: 344 daAuts
